Map: Frostline LE

Players

Denver - Winner!

  • Race: Zerg Zerg
  • League: Master
  • Spawn Location: 7:00

Shameless

  • Race: Protoss Protoss
  • League: Master
  • Spawn Location: 1:00

VOD

Have the link to the VOD?

Description

Time

  • Played on: Jan. 13, 2025, 3:11 p.m.
  • Length: 11:28
Show
View Real Time Build Order
Export as new Build Order

Denver Zerg - Winner!

Build Orders: Hatch First, Lurkers 

Get SALT Encoding   

  12  0:00  Drone  
  13  0:12  Overlord  
  13  0:17  Drone  
  14  0:31  Drone x2  
  16  0:46  Hatchery  
  15  0:50  Drone  
  15  0:53  Drone  
  18  0:57  Drone  
  18  1:07  Extractor  
  17  1:12  Spawning Pool  
  17  1:15  Drone  
  17  1:19  Drone  
  18  1:28  Drone  
  19  1:39  Drone  
  20  1:50  Overlord  
  20  1:59  Queen x2  
  24  2:01  Zergling x2  
  24  2:04  Zergling x2  
  26  2:09  Metabolic Boost  
  26  2:17  Drone x2  
  28  2:25  Drone x2  
  30  2:30  Drone  
  31  2:40  Hatchery  
  31  2:42  Drone  
  31  2:46  Overlord  
  31  2:50  Drone  
  32  2:55  Queen  
  34  2:59  Zergling x2  
  34  3:02  Zergling x2  
  36  3:06  Zergling x2  
  36  3:08  Drone x2  
  36  3:09  Drone  
  40  3:13  Overlord  
  40  3:16  Drone  
  40  3:19  Drone x2  
  42  3:31  Drone x3  
  42  3:34  Queen  
  44  3:40  Drone  
  47  3:43  Spore Crawler  
  47  3:45  Drone  
  47  3:46  Drone x3  
  47  3:48  Overlord  
  50  3:53  Drone  
  51  3:57  Queen  
  51  4:02  Drone x2  
  55  4:11  Spore Crawler  
  55  4:14  Drone x7  
  61  4:23  Zergling x4, Roach Warren  
  62  4:24  Evolution Chamber  
  62  4:29  Overlord  
  61  4:31  Drone x3  
  62  4:42  Drone x5  
  65  4:45  Lair  
  65  4:49  Extractor  
  65  4:50  Extractor  
  63  4:53  Drone x4  
  63  4:55  Zerg Missile Weapons Level 1  
  63  4:59  Zergling x8  
  70  5:07  Zergling x2  
  70  5:08  Overlord x2, Spore Crawler, Zergling x2  
  70  5:11  Drone x3  
  74  5:22  Overlord  
  74  5:28  Hatchery  
  74  5:30  Drone x9  
  80  5:35  Extractor  
  80  5:36  Extractor  
  80  5:42  Drone x3  
  80  5:43  Drone  
  80  5:44  Drone  
  80  5:45  Extractor  
  80  5:47  Spire  
  80  5:50  Overseer  
  80  5:52  Drone x3  
  80  5:53  Drone x2, Glial Reconstitution  
  80  5:57  Overlord  
  85  5:59  Overlord  
  85  6:04  Overlord  
  84  6:11  Overlord x2  
  84  6:22  Overlord  
  81  6:48  Overlord  
  81  6:49  Queen  
  81  6:50  Extractor  
  81  6:51  Drone, Extractor  
  81  6:52  Drone x4  
  81  6:53  Drone  
  87  6:54  Overlord  
  87  6:57  Zerg Melee Weapons Level 1  
  87  6:59  Zerg Flyer Weapons Level 1  
  87  7:00  Mutalisk x9, Zergling x2  
  106  7:04  Zergling x4  
  106  7:05  Zergling x12  
  113  7:11  Mutalisk  
  113  7:12  Mutalisk  
  117  7:20  Mutalisk  
  119  7:24  Overlord  
  119  7:25  Zergling x6  
  119  7:29  Mutalisk x2  
  126  7:30  Hatchery  
  126  7:36  Drone x8  
  133  7:45  Mutalisk x3  
  133  7:47  Overlord  
  137  8:00  Mutalisk x3  
  137  8:04  Overlord  
  143  8:06  Mutalisk x2  
  143  8:10  Overlord  
  147  8:18  Extractor  
  146  8:22  Mutalisk x3, Extractor  
  146  8:26  Zergling x6  
  146  8:27  Zergling x16  
  156  8:33  Mutalisk x2  
  159  8:34  Mutalisk  
  159  8:38  Zergling x6  
  161  8:42  Hydralisk Den  
  159  8:56  Drone x3  
  159  8:57  Drone x3  
  159  9:00  Zerg Missile Weapons Level 2  
  158  9:19  Grooved Spines  
  158  9:21  Hydralisk x8  
  158  9:22  Lurker Den  
  158  9:23  Lurker Den, Overlord  
  172  9:26  Overlord  
  161  9:44  Zergling x34  
  166  9:57  Hydralisk x14  
  174  10:08  Hydralisk x7  
  182  10:23  Lurker x3  
  182  10:24  Lurker x3  
  184  10:29  Zergling x26  
  197  10:40  Infestation Pit  
  197  10:41  Zergling x8  
  192  11:01  Hydralisk x11  
Show
View Real Time Build Order
Export as new Build Order

Shameless Protoss 

Build Orders: 1 Gate Expand, Oracle Opening, Archon Immortal 

Get SALT Encoding   

  12  0:05  Probe  
  13  0:17  Probe  
  14  0:25  Pylon  
  14  0:29  Probe  
  15  0:40  Probe  
  15  0:44  Gateway  
  15  0:48  Probe  
  16  0:53  Assimilator  
  17  0:58  Probe  
  18  1:10  Probe  
  19  1:22  Probe  
  20  1:28  Nexus  
  20  1:35  Cybernetics Core  
  20  1:37  Probe  
  21  1:44  Assimilator  
  21  1:49  Probe  
  21  1:52  Pylon  
  22  2:01  Adept, Probe  
  23  2:13  Probe  
  26  2:21  Adept  
  26  2:25  Stargate, Probe  
  27  2:37  Probe  
  29  2:38  Probe  
  29  2:39  Warp Gate  
  31  2:45  Probe  
  31  2:50  Probe  
  33  2:51  Adept  
  33  2:55  Probe  
  36  3:02  Oracle, Probe  
  37  3:07  Probe  
  37  3:11  Pylon  
  41  3:14  Probe  
  41  3:19  Probe  
  43  3:21  Gateway  
  43  3:26  Probe  
  44  3:30  Oracle  
  44  3:31  Probe  
  41  3:38  Probe  
  45  3:43  Probe  
  45  3:47  Nexus  
  46  3:50  Pylon  
  46  3:51  Probe  
  47  3:55  Probe  
  47  4:01  Assimilator  
  48  4:03  Assimilator  
  48  4:04  Probe  
  48  4:08  Probe  
  50  4:13  Twilight Council  
  50  4:16  Probe  
  51  4:17  Forge  
  51  4:23  Probe  
  52  4:27  Adept x2  
  52  4:28  Probe  
  57  4:35  Probe  
  57  4:37  Gateway  
  58  4:39  Gateway  
  58  4:40  Probe  
  59  4:47  Probe  
  59  4:49  Adept  
  59  4:52  Protoss Ground Weapons Level 1  
  62  4:56  Probe x2  
  62  4:58  Probe  
  64  5:04  Charge, Probe x2  
  64  5:06  Probe  
  65  5:08  Robotics Facility  
  65  5:10  Pylon  
  65  5:13  Shield Battery, Probe x2  
  68  5:17  Probe  
  68  5:18  Sentry x2  
  75  5:23  Probe  
  75  5:26  Probe  
  77  5:29  Probe  
  77  5:31  Probe  
  77  5:35  Pylon  
  73  5:38  Probe  
  73  5:39  Probe  
  73  5:41  Probe  
  75  5:43  Pylon  
  75  5:45  Templar Archives  
  75  5:47  Assimilator  
  75  5:48  Assimilator  
  76  5:50  Probe  
  76  5:51  Probe  
  76  5:52  Gateway  
  76  5:53  Probe  
  76  5:56  Gateway  
  79  5:57  Observer  
  79  6:02  Gateway, Probe  
  79  6:03  Gateway, Probe  
  82  6:09  Photon Cannon  
  82  6:10  Zealot  
  84  6:13  Immortal, Pylon  
  84  6:16  Zealot x3  
  94  6:26  Pylon  
  93  6:33  Probe  
  93  6:35  Zealot  
  93  6:37  Phoenix, Probe  
  99  6:42  Pylon  
  99  6:43  Probe  
  99  6:45  Immortal  
  99  6:46  Observer  
  100  6:50  Protoss Ground Weapons Level 2  
  104  7:01  Photon Cannon x2  
  104  7:04  Shield Battery  
  104  7:05  Shield Battery, Phoenix  
  104  7:06  Observer  
  106  7:16  Blink  
  106  7:22  Phoenix  
  106  7:27  High Templar x2, Nexus  
  106  7:28  Stalker  
  106  7:29  Stalker x2  
  116  7:33  High Templar x2  
  122  7:38  Archon  
  122  7:40  Stalker  
  122  7:41  Probe  
  122  7:45  Archon  
  122  7:50  Phoenix  
  124  7:52  Pylon, Probe  
  124  7:53  Observer  
  124  7:54  Pylon  
  125  7:59  Probe x2  
  125  8:06  Pylon  
  125  8:10  Probe  
  125  8:11  Immortal  
  127  8:15  Zealot x4  
  127  8:17  Phoenix  
  127  8:18  Stalker x2  
  138  8:21  Probe  
  139  8:27  Probe  
  139  8:28  Probe  
  139  8:30  Zealot x2  
  139  8:39  High Templar x2  
  139  8:40  High Templar x2  
  147  8:42  Probe  
  147  8:43  Archon  
  147  8:44  Archon  
  147  8:47  Assimilator  
  144  8:49  Observer, Sentry, Zealot  
  144  8:50  Assimilator  
  147  8:56  Zealot x2  
  147  9:01  Photon Cannon  
  151  9:03  Photon Cannon  
  151  9:07  Shield Battery  
  151  9:08  Immortal  
  151  9:09  Fleet Beacon  
  151  9:22  Zealot x6  
  163  9:28  Probe  
  163  9:29  Probe  
  163  9:30  Pylon, Probe  
  164  9:33  Pylon  
  164  9:35  Probe  
  159  9:40  Probe  
  159  9:41  Stalker x2, Probe  
  159  9:42  Probe  
  144  9:46  Anion Pulse-Crystals  
  144  9:47  Probe  
  144  9:48  Phoenix  
  144  9:52  Probe  
  134  9:53  Probe  
  134  9:54  Probe  
  135  10:01  Immortal  
  135  10:06  Stalker x2  
  111  10:21  Phoenix  
  111  10:27  High Templar x4  
  115  10:31  Archon x2  
  116  10:36  Stalker x4  
  123  10:48  Phoenix  
  113  11:09  Zealot x8  
Tags
 
Add a new tag
Caveats
  • Supply blocks, unpowered buildings, or Contaminate may cause inaccurate times.
  • Supply counts are checked every 10 seconds.